 Dungeon Crawl Stone Soup version 0.20.1-1-g8b1a95d (webtiles) character file.

725 vishdafish the Covered (level 7, 0/44 HPs)
             Began as a Gargoyle Fighter on July 13, 2017.
             Slain by jojo4000's ghost (8 damage)
             ... on level 4 of the Dungeon.
             The game lasted 00:05:14 (3139 turns).

vishdafish the Covered (Gargoyle Fighter)           Turns: 3139, Time: 00:05:15

Health: 0/44       AC: 13    Str: 20    XL:     7   Next: 71%
Magic:  7/7        EV:  8    Int:  9    God:
Gold:   135        SH:  9    Dex: 10    Spells: 6/6 levels left

rFire    . . .     SeeInvis .   a - +0 trident
rCold    . . .     Gourm    .   c - +0 shield
rNeg     + . .     Faith    .   b - +0 scale mail
rPois    ∞         Spirit   .   (no helmet)
rElec    +         Reflect  .   (no cloak)
rCorr    .         Harm     .   e - +0 pair of gloves
MR       .....                  (no boots)
Stlth    ..........             (no amulet)
Regen    0.2/turn               r - ring of loudness (curse)
MPRegen  0.1/turn               (no ring)

@: no status effects
A: negative energy resistance 1, electricity resistance, unbreathing,
petrification resistance, rot immunity, AC +4
a: no special abilities


You were on level 4 of the Dungeon.
You were not hungry.

You visited 1 branch of the dungeon, and saw 4 of its levels.

You collected 135 gold pieces.

Inventory:

Hand Weapons
 a - a +0 trident (weapon)
Armour
 b - a +0 scale mail (worn)
 c - a +0 shield (worn)
 e - a +0 pair of gloves (worn)
Jewellery
 r - a cursed ring of loudness (left hand)
Wands
 u - a wand of confusion (32/48)
 v - a wand of paralysis (6/24)
Scrolls
 d - a scroll of magic mapping {unknown}
 h - a scroll of remove curse {unknown}
 i - a scroll of enchant weapon
 k - 2 scrolls of fog
 l - 2 scrolls of teleportation
 t - 2 scrolls of noise
 y - a scroll of recharging {unknown}
 z - a scroll of blinking {unknown}
Potions
 g - 3 potions of brilliance {unknown}
 j - 4 potions of curing
 m - a potion of haste {unknown}
 n - 2 potions of resistance {unknown}
 q - a potion of magic {unknown}
 x - a potion of berserk rage {unknown}
Comestibles
 f - 4 bread rations
 o - a meat ration
 p - 2 fruits
 s - 2 royal jellies


   Skills:
 + Level 4.8 Fighting
 + Level 4.8 Polearms
 + Level 5.2 Armour
 + Level 1.5 Dodging
 + Level 0.2 Stealth
 + Level 5.1 Shields


You had 6 spell levels left.
You didn't know any spells.

Dungeon Overview and Level Annotations

Branches:
Dungeon (4/15)
 Temple: D:4-7

Altars:
Gozag

Annotations:
D:4 jojo4000's ghost, amateur DsBe


Innate Abilities, Weirdness & Mutations

You are resistant to torment.
Your stone body is resilient. (AC +4)
You are immune to poison.
You resist negative energy. (rN+)
You are resistant to electric shocks. (rElec)
You can survive without breathing.
You are immune to petrification.
You are immune to rotting.


Message History

Jojo4000's ghost is almost destroyed.
You block jojo4000's ghost's attack.
You miss jojo4000's ghost.
Jojo4000's ghost is almost destroyed.
Jojo4000's ghost hits you!
* * * LOW HITPOINT WARNING * * *
You closely miss jojo4000's ghost.
Jojo4000's ghost is almost destroyed.
Jojo4000's ghost screams, "I'll kill anyone who wants the ORB!"
You block jojo4000's ghost's attack.
You hit jojo4000's ghost but do no damage.
Jojo4000's ghost is almost destroyed.
You block jojo4000's ghost's attack.
You barely miss jojo4000's ghost.
Jojo4000's ghost is almost destroyed.
Jojo4000's ghost hits you but does no damage.
You hit jojo4000's ghost but do no damage.
Jojo4000's ghost is almost destroyed.
Jojo4000's ghost hits you!
You die...

... ..##'#####
#..#....... ..
.........# #..#...†### #
.........# #..#....#.. #
....<.... #..'....#.. #
......... #.##....#.. #
##......######.#.....#..
#
.'......'...#..#.....###
#
#......#...'.|#........
##...#
#.....@#..##..#........
##...#
#....W†#####..#........
+....+ #......#
#..#........ #....#
.'......# +..#........
##...######......#
#..#........
##...##...#....###
####.....#'#
..........#....
#.....+..
..........#....
#.....#.. ####'##...#
#.....#..


You could see jojo4000's ghost.

Vanquished Creatures
  Grinder (D:3)
  Sigmund (D:4)
  The ghost of MrModeste the Ruffian, an amateur TrBe of Trog (D:3)
  A hound (D:3)
  A bullfrog skeleton (D:4)
  2 orc wizards (D:3)
  A hound skeleton (D:4)
  A howler monkey skeleton (D:4)
  4 adders
  An ooze (D:1)
  7 worms
  A leopard gecko (D:1)
  2 orcs (D:3)
  4 bats
  7 giant cockroaches
  7 goblins
  10 hobgoblins
  3 jackals (D:1)
  6 kobolds
  A quokka (D:3)
  2 ball pythons
  9 frilled lizards
  5 rats
78 creatures vanquished.

Notes
Turn   | Place    | Note
-------+----------+-------------------------------------------
     0 | D:1      | vishdafish the Gargoyle Fighter began the quest for the Orb.
     0 | D:1      | Reached XP level 1. HP: 14/14 MP: 1/1
    33 | D:1      | Reached XP level 2. HP: 14/19 MP: 2/2
   462 | D:1      | Reached XP level 3. HP: 24/24 MP: 3/3
   593 | D:2      | Found an opulent altar of Gozag.
  1171 | D:3      | Reached XP level 4. HP: 23/29 MP: 4/4
  1207 | D:3      | Noticed MrModeste's ghost (amateur TrBe)
  1582 | D:3      | Killed MrModeste's ghost
  1582 | D:3      | Reached XP level 5. HP: 12/33 MP: 5/5
  2171 | D:3      | Reached XP level 6. HP: 37/38 MP: 6/6
  2466 | D:3      | Noticed Grinder
  2474 | D:3      | Paralysed by Grinder for 6 turns
  2484 | D:3      | Killed Grinder
  2484 | D:3      | Reached skill level 1 in Dodging
  2484 | D:3      | Reached XP level 7. HP: 18/44 MP: 7/7
  2870 | D:4      | Noticed Sigmund
  2901 | D:4      | Killed Sigmund
  2901 | D:4      | Reached skill level 5 in Armour
  2901 | D:4      | Reached skill level 5 in Shields
  3108 | D:4      | Noticed jojo4000's ghost (amateur DsBe)
  3139 | D:4      | Slain by jojo4000's ghost

Skill      XL: |  1  2  3  4  5  6  7 |
---------------+----------------------+-----
Polearms       | 2 3 4 |  4.8
Fighting       | 4 |  4.8
Shields        | 4 5 |  5.1
Armour         | 4 5 |  5.2
Dodging        | 1 |  1.5
Stealth        | |  0.2

Action                   |  1- 3 |  4- 6 |  7- 9 || total
-------------------------+-------+-------+-------++-------
Melee: Trident           |   179 |   130 |    91 ||   400
  Use: Scroll            |       |     4 |     1 ||     5
       Potion            |       |     2 |       ||     2
  Eat: Chunk             |     1 |     4 |     3 ||     8
Armor: Scale mail        |   105 |    54 |    18 ||   177
Dodge: Dodged            |    67 |    20 |    16 ||   103
Block: Shield            |    94 |    39 |    35 ||   168
